woodfighter, neutral female human Wizard --------- ------------- #........| --------- |............# #|.......| #........| |*..{.......|# #|........########################*|.......| |...........|# #-|------- -|-------- ###.....^..| |...........|# # # ##..[[([....######## |.......| -|--------.--# # # # |.[..(...| #)# -----...| # ## # # # ########-.))..)..| # |...| ### # # # # # # -------.-- ### -|--- # ### # # # ### ### # # ## ### # # # ### # # # ### # ### # # ### # # # ### ############# ### ### # # ### # ######### #--------##*@*#### # # # --------.--- -.--------- #-......|# q -|-|-# # # |..........| |..>......-######|......|### |.[<.# -----|-##########-..........| |.........| |.[.{..-# |...| |......# |..........| |.........| -------- |...| |.....|# |..........| ----------- ----- -------# ------------ woodfighter the Magician Experience level: 10 Strength: 12 Dexterity: 9 Constitution: 12 Intelligence: 19 Wisdom: 19 Charisma: 11 Health: 0(66) Energy: 130(140) Def: 1 Gold: 0 Moves: 9538 Dungeon seed: NeqWEYp1K7xiofBA Game ID: woodfighter_1454964142 Your Inventory: Weapons a - a blessed +1 quarterstaff (weapon in hands) Armor e - an uncursed +0 cloak of magic resistance (being worn) Comestibles g - 2 uncursed fortune cookies h - 2 uncursed lizard corpses o - 2 uncursed tripe rations B - an uncursed tin of green mold D - an uncursed orange M - an uncursed carrot Tools c - an uncursed skeleton key s - an uncursed bag of holding t - a +0 unicorn horn T - an uncursed tallow candle (0:200) Contents of the bag of holding: 5 uncursed food rations an uncursed sprig of wolfsbane a +0 unicorn horn Spells and supernatural/magical abilities: Name Level Category Fail Memory a - force bolt 1 attack 0% 53% e - charm monster 3 enchantment 0% 53% m - magic missile 2 attack 0% 76% W - pray for help -- divine ? -- Your skills at the end: Miscellaneous Skills wands [Basic] Weapon Skills quarterstaff [Basic] Spellcasting Skills attack spells [Basic] enchantment spells [Basic] Final Attributes: You were fervently aligned. You were cold resistant. You were magic-protected. You were telepathic. You are dead. Vanquished creatures: 2 giant mimics a small mimic a crocodile a human mummy a leather golem 4 wolves a lynx a panther 2 leprechauns 2 quivering blobs 2 lizards a giant spider an iron piercer a horse a vampire bat a dwarf mummy 2 yetis 2 Green-elves a dog 2 dingos 2 jaguars 2 dwarf lords a white unicorn a black unicorn a dust vortex 2 plains centaurs 2 gnome mummies 7 apes 6 human zombies a rope golem 4 fire ants 6 bugbears 2 wood nymphs 2 Mordor orcs an orc shaman 2 rock piercers a fog cloud 4 yellow lights a shrieker a violet fungus 2 gnome lords a black naga hatchling 3 gray oozes 2 elf zombies a paper golem 2 giant ants 2 floating eyes 2 kittens a dwarf 2 homunculi a kobold lord 2 kobold shamans 3 iguanas 8 rothes a rabid rat 3 centipedes a giant bat an orc zombie 5 dwarf zombies a wererat a werejackal 6 killer bees 2 gas spores 2 acid blobs 3 large kobolds 5 geckos 10 hobgoblins 10 giant rats 8 cave spiders 3 brown molds 2 yellow molds 2 green molds a red mold 6 gnomes 7 garter snakes 13 manes 3 gnome zombies 9 jackals 2 foxes 3 kobolds 7 newts 5 goblins 4 sewer rats 10 grid bugs 4 lichens 251 creatures vanquished. Voluntary challenges: You did not adorn yourself with jewelry or accessories. You were an atheist. You used a wielded weapon 30 times, starting on turn 126. You did not apply a unicorn horn. You read items or engraved 2 times, starting on turn 4724. You never genocided any monsters. You never polymorphed an object. You never changed form. You completed Sokoban on turn 9128, according to the rules. You used no wishes. You never split a pudding. You never wrote Elbereth's name. You violated your moral code, losing 5 points of alignment, starting on turn 2017. Dungeon overview: The Dungeons of Doom: levels 1 to 9 Level 1 a long staircase Level 2 an armor shop, a fountain stairs to The Gnomish Mines Level 3 a general store, a fountain Level 4 a sink Level 5 Level 6 an armor shop, many fountains Level 7 <- You were here some fountains, a throne Level 8 many fountains Level 9 stairs to Sokoban The Gnomish Mines: Level 3 stairs to The Dungeons of Doom Sokoban: levels 5 to 8 Level 5 a magic chest Level 6 Level 7 a fountain Level 8 a magic chest stairs to The Dungeons of Doom History has recorded: On T:1 you entered the Dungeons of Doom to retrieve the Amulet of Yendor! On T:125 you reached level 2 of The Dungeons of Doom. On T:422 you reached level 1 of The Gnomish Mines. On T:502 you reached level 3 of The Dungeons of Doom. On T:743 you advanced to experience level 2. On T:858 you advanced to experience level 3. On T:1014 you advanced to experience level 4. On T:1301 you reached level 4 of The Dungeons of Doom. On T:1471 you reached level 5 of The Dungeons of Doom. On T:1794 you advanced to experience level 5. On T:2425 you reached level 6 of The Dungeons of Doom. On T:2618 you reached level 7 of The Dungeons of Doom. On T:3202 you advanced to experience level 6. On T:3564 you advanced to experience level 7. On T:3918 you reached level 8 of The Dungeons of Doom. On T:3993 you reached level 9 of The Dungeons of Doom. On T:4583 you reached level 4 of Sokoban. On T:4720 you opened a magic chest. On T:4721 you opened a magic chest. On T:4723 you opened a magic chest. On T:5102 you opened a magic chest. On T:5103 you opened a magic chest. On T:5401 you advanced to experience level 8. On T:5463 you reached level 3 of Sokoban. On T:5503 you opened a magic chest. On T:6217 you reached level 2 of Sokoban. On T:7231 you reached level 1 of Sokoban. On T:9125 you advanced to experience level 9. On T:9128 you advanced to experience level 10. On T:9128 you entered the Sokoban zoo. On T:9402 you opened a magic chest. On T:9403 you opened a magic chest. On T:9407 you opened a magic chest. On T:9408 you opened a magic chest. Score breakdown: Gold: 0 ( 0 points) Experience: 10 levels ( 900 points) Exploration: 9 levels ( 240 points) Discoveries: 4 items ( 200 points) Variety of kills: 85 monsters ( 2000 points) Major goal: finished Sokoban ( 1000 points) Survival: died (score multiplied by 3) Total score: 13020 Latest messages: You put a purple spellbook into the magic chest. You put a potion of speed into the magic chest. You put a smoky potion into the magic chest. You put a brilliant blue potion into the magic chest. You put 2 orange potions into the magic chest. You put an emerald ring into the magic chest. (2x) You put a granite ring into the magic chest. You put a coral ring into the magic chest. You put a copper ring into the magic chest. You put a jade ring into the magic chest. You put a runed wand into the magic chest. You put a silver wand into the magic chest. You put a tin wand into the magic chest. You put a copper wand into the magic chest. You put a uranium wand into the magic chest. You put a steel wand into the magic chest. Your movements are now unencumbered. Your movements are now unencumbered. The magic missile hits the mumak! The mumak butts! The mumak bites! You die... Final status: Goodbye woodfighter the Wizard, killed by a mumak... You died in The Dungeons of Doom on dungeon level 7 with 13020 points, and 0 pieces of gold, after 9538 moves. You were level 10 with a maximum of 66 hit points when you died.